 Dungeon Crawl Stone Soup version 0.25.1-2-g60ff931df9 (webtiles) character file.

Game seed: 12360471844870345108

86 DogServant the Bolt Thrower (level 4, -2/25 HPs)
             Began as a Kobold Arcane Marksman on Nov 9, 2020.
             Slain by a kobold
             ... wielding a +0 flail
              (9 damage)
             ... on level 2 of the Dungeon.
             The game lasted 00:03:27 (2548 turns).

DogServant the Bolt Thrower (KoAM)                  Turns: 2548, Time: 00:03:27

Health: -2/25      AC:  2    Str:  8    XL:     4   Next: 77%
Magic:  5/5        EV: 16    Int: 14    God:
Gold:   34         SH:  0    Dex: 15    Spells: 2/5 levels left

rFire    . . .     SeeInvis .   l - +0 short sword
rCold    . . .     Gourm    .   (shield restricted)
rNeg     . . .     Faith    .   e - +0 robe
rPois    .         Spirit   .   (no helmet)
rElec    .         Reflect  .   (no cloak)
rCorr    .         Harm     .   (no gloves)
MR       .....                  (no boots)
Stlth    ++........             (no amulet)
HPRegen  0.08/turn              (no ring)
MPRegen  0.09/turn              (no ring)

@: no status effects
A: small, carnivore
a: no special abilities


You were on level 2 of the Dungeon.
You were completely stuffed.

You visited 1 branch of the dungeon, and saw 2 of its levels.

You collected 34 gold pieces.

Inventory:

Hand Weapons
 a - a +0 hand crossbow
 c - a +0 dagger
 l - a +0 short sword (weapon)
Missiles
 d - 34 bolts
Armour
 e - a +0 robe (worn)
Jewellery
 i - a +6 ring of strength {unknown}
Scrolls
 b - a scroll of amnesia {unknown}
 g - a scroll of fear {unknown}
 k - a scroll of teleportation {unknown}
 m - a scroll of identify {unknown}
Potions
 h - a potion of stabbing {unknown}
Comestibles
 f - 4 rations
 j - 4 chunks of flesh


   Skills:
 - Level 1.1 Fighting
 + Level 4.2 Crossbows
 - Level 3.3 Dodging
 + Level 1.1 Stealth
 - Level 1.1 Spellcasting
 + Level 3.6 Hexes


You had 2 spell levels left.
You knew the following spells:

 Your Spells              Type           Power        Failure   Level  Hunger
a - Corona                Hex            ##.....      6%          1    ##.....
b - Slow                  Hex            ##......     9%          2    ###....

Your spell library contained the following spells:

 Spells                   Type           Power        Failure   Level  Hunger
 Inner Flame              Hex/Fire       #.......     36%         3    ####...
 Portal Projectile        Hex/Tloc       #.....       36%         3    ####...
 Cause Fear               Hex            ##........   50%         4    #####..
 Leda's Liquefaction      Hex/Erth       #.........   77%         4    #####..


Dungeon Overview and Level Annotations

Branches:
Dungeon (2/15)

Altars:
Cheibriados


Innate Abilities, Weirdness & Mutations

You are small and have problems with some larger weapons.
You are carnivorous and can eat meat at any time.


Message History

You are too injured to fight recklessly!
You are too injured to fight recklessly!
You are too injured to fight recklessly!
You are too injured to fight recklessly!
You are too injured to fight recklessly!
You are too injured to fight recklessly!
You are too injured to fight recklessly!
You are too injured to fight recklessly!
You are too injured to fight recklessly!
You are too injured to fight recklessly!
You barely miss the kobold.
The kobold is moderately wounded.
You hit the kobold.
The kobold is severely wounded.
The kobold hits you with a +0 flail.
* * * LOW HITPOINT WARNING * * *
You hit the kobold but do no damage.
The kobold is severely wounded.
The kobold hits you with a +0 flail!
You die...

#.....#############.........#
#.....'......÷......####....#
#.....#############.##......#
#.....#######.... #.##......+
#.....##......#.###.##......#
########............##.....÷'
#.......##...........#
#..........###.......#
#....@.##....#....)...
#...K...#.#.##'#######
..........#..........#
._......#.#..........#
.......(#...<........#
........#######......#
........' '......# ........#
#......# #......#


You could see a kobold.

Vanquished Creatures
  3 adders (D:2)
  An ooze (D:1)
  A worm (D:2)
  2 dart slugs
  A leopard gecko (D:2)
  4 giant cockroaches
  4 goblins
  6 hobgoblins
  4 jackals (D:1)
  7 kobolds
  A quokka (D:2)
  A ball python (D:2)
  4 bats (D:1)
  3 frilled lizards (D:2)
  4 rats
46 creatures vanquished.

Notes
Turn   | Place    | Note
-------+----------+-------------------------------------------
     0 | D:1      | DogServant the Kobold Arcane Marksman began the quest for
                  | the Orb.
     0 | D:1      | Reached XP level 1. HP: 12/12 MP: 2/2
   252 | D:1      | Reached XP level 2. HP: 16/16 MP: 3/3
   437 | D:1      | Reached skill level 3 in Crossbows
   809 | D:1      | Reached XP level 3. HP: 20/20 MP: 2/4
  1804 | D:2      | Reached XP level 4. HP: 23/25 MP: 5/5
  1836 | D:2      | Found a faded altar of an unknown god.
  1842 | D:2      | Reached skill level 4 in Crossbows
  1887 | D:2      | Learned a level 2 spell: Slow
  2529 | D:2      | Reached skill level 1 in Stealth
  2542 | D:2      | Found a snail-covered altar of Cheibriados.
  2548 | D:2      | Slain by a kobold

Illustrated notes

Levels and vault maps discovered:
D:1:      minmay_arrival_doors, layout_basic
D:2:      layout_basic, cheibriados_altar_1,
          chequers_ecumenical_altar_simple_redux, hangedman_abyss_or_decor_stabs

Skill      XL: |  1  2  3  4 |
---------------+-------------+-----
Crossbows      | 3 4 |  4.2
Dodging        | 3 |  3.3
Stealth        | 1 |  1.1
Fighting       | |  1.1
Spellcasting   | |  1.1
Hexes          | |  3.6

Action                   |  1- 3 |  4- 6 || total
-------------------------+-------+-------++-------
Melee: Unarmed           |    11 |       ||    11
       Short sword       |    33 |    75 ||   108
       Dagger            |     6 |       ||     6
 Fire: Hand crossbow     |    51 |     6 ||    57
 Cast: Corona            |    11 |     1 ||    12
  Use: Potion            |     1 |       ||     1
  Eat: Chunk             |    10 |     4 ||    14
Armor: Robe              |    10 |     8 ||    18
Dodge: Dodged            |    73 |    60 ||   133
